 Dungeon Crawl Stone Soup version 0.30.1-11-g7821555f0a (webtiles) character file.

Game seed: 1264700254001880290

263 KittyFluff the Cudgeller (level 6, -2/57 HPs)
             Began as a Gargoyle Berserker on Nov 6, 2023.
             Was a Believer of Trog.
             Slain by Eustachio
             ... wielding a +0 rapier
              (5 damage)
             ... on level 4 of the Dungeon.
             The game lasted 00:09:19 (2689 turns).

KittyFluff the Cudgeller (Gargoyle Berserker)       Turns: 2689, Time: 00:09:20

Health: -2/57      AC: 12    Str: 22    XL:     6   Next: 19%
Magic:  6/6        EV: 11    Int:  8    God:    Trog [**....]
Gold:   166        SH:  2    Dex:  9    Spells: 5/5 levels left

rFire   . . .        a - +0 mace
rCold   . . .        p - +0 buckler
rNeg    + . .        e - +0 leather armour
rPois   ∞            c - +0 helmet
rElec   +            b - scarf {shadows}
rCorr   .            x - +2 pair of gloves
SInv    .            (no boots)
Will    .....        (no amulet) Stlth
                     i - ring of flight
HPRegen 0.29/turn    (no ring)
MPRegen 0.10/turn

%: no passive effects
@: berserking, flying, very quick
A: sickness immunity, AC +4, negative energy resistance 1, electricity
resistance, torment resistance 1, petrification resistance
a: Renounce Religion, Berserk, Trog's Hand


You were on level 4 of the Dungeon.
You worshipped Trog.
Trog was pleased with you.
You visited 1 branch of the dungeon, and saw 4 of its levels.

You collected 166 gold pieces.

Inventory:

Hand Weapons
 a - a +0 mace (weapon)
 v - a +0 flail of venom
Missiles
 s - 2 boomerangs of dispersal (quivered)
Armour
 b - a scarf of shadows (worn)
 c - a +0 helmet (worn)
 e - a +0 leather armour (worn)
 p - a +0 buckler (worn)
 x - a +2 pair of gloves (worn)
 y - an orb of light
Jewellery
 i - a ring of flight (left hand)
 k - a +6 ring of intelligence
Wands
 t - a wand of charming (10)
 u - a wand of roots (3)
Scrolls
 d - 3 scrolls of poison {unknown}
 j - 2 scrolls of identify {unknown}
 l - a scroll of magic mapping {unknown}
 o - 2 scrolls of enchant armour {unknown}
 q - a scroll of fog {unknown}
 r - a scroll of blinking {unknown}
Potions
 f - a potion of magic {unknown}
 g - a potion of heal wounds {unknown}
 h - 2 potions of curing {unknown}
 m - a potion of flight {unknown}
 n - 2 potions of haste {unknown}
 w - a potion of cancellation {unknown}


   Skills:
 + Level 4.2 Fighting
 * Level 4.5 Maces & Flails
 * Level 4.3 Armour
 + Level 2.4 Dodging


You had 5 spell levels left.
You didn't know any spells.
Your spell library was empty.

Dungeon Overview and Level Annotations

Branches:
Dungeon (4/15)
 Temple: D:4-7

Altars:

Annotations:
D:4 Eustachio


Innate Abilities, Weirdness & Mutations

You are immune to sickness and miasma.
Your stone body is resilient. (AC +4)
You are immune to poison.
You resist negative energy. (rN+)
You are resistant to electric shocks. (rElec)
You are resistant to unholy torment.
You are immune to petrification.


Message History

Eustachio mumbles some strange words.
The iron imp disappears in a puff of smoke!
The bat barely misses you.
The river rat bites the plant.
The plant begins to die.
Eustachio hits you but does no damage.
You barely miss Eustachio.
Eustachio is moderately wounded.
The bat hits you but does no damage. The bat closely misses you.
The bat hits you but does no damage. The bat barely misses you.
The rat misses you.
The river rat twitches its whiskers.
Eustachio mumbles some strange words.
Eustachio blinks!
The shadow imp hits you. The rat attacks as you move away!
The rat bites you but does no damage. The bat attacks as you move away!
The bat hits you but does no damage. The bat completely misses you.
The bat hits you but does no damage.
The rat bites the plant.
The white imp barely misses you. The shadow imp hits you.
The bat barely misses you.
The white imp grins evilly.
The bat attacks as you move away! The bat closely misses you.
Eustachio hits you with a +0 rapier. The bat hits you but does no damage.
The white imp hits you but does no damage.
You closely miss Eustachio.
Eustachio is moderately wounded.
A nearby plant withers and dies.
The bat hits you but does no damage. x2
The bat barely misses you. The bat closely misses you.
Eustachio hits you with a +0 rapier. The bat hits you but does no damage.
The crimson imp blinks!
The white imp hits you.
* * * LOW HITPOINT WARNING * * *
The white imp freezes you.
* * * LOW HITPOINT WARNING * * *
Eustachio barely misses you.
A red film seems to cover your vision as you go berserk!
You feel yourself moving faster!
You feel mighty! The bat misses you. The bat barely misses you.
The white imp hits you.
* * * LOW HITPOINT WARNING * * *
The white imp freezes you.
* * * LOW HITPOINT WARNING * * *
Eustachio hits you with a +0 rapier.
You die...

## ### .###################.#
..............##.....############
.................................
.############.##.###.#########...
.........#.....#@# #.# #.##
.######....~~~§b@# #.# #.#
.######...#P~~r55###.# #.##
......+.?<+.♣~~.rb..... #.##...
..#####...#......###... #......
..+.<................ . .........
..#...........####### ....##...
..+..^........+ .........
..#..[........# ######...##.##
#.##............ .............


You could see Eustachio, a river rat (summoned), a white imp (summoned), a
shadow imp (summoned), 2 bats and a rat (summoned).

Vanquished Creatures
  A water moccasin (D:3)
  A sleepcap (D:4)
  A gnoll (D:3)
  5 adders
  4 dart slugs
  3 orcs (D:4)
  6 endoplasms
  3 giant cockroaches
  4 goblins
  5 hobgoblins
  3 jackals
  7 kobolds
  2 quokkas
  7 ball pythons
  4 bats
  5 frilled lizards
  9 rats
70 creatures vanquished.

Notes
Turn   | Place    | Note
-------+----------+-------------------------------------------
     0 | D:1      | KittyFluff the Gargoyle Berserker began the quest for the
                  | Orb.
     0 | D:1      | Reached XP level 1. HP: 14/14 MP: 1/1
   434 | D:1      | Reached XP level 2. HP: 19/19 MP: 2/2
   726 | D:2      | Reached XP level 3. HP: 19/23 MP: 3/3
   954 | D:2      | Reached ** piety under Trog
  1042 | D:2      | Reached XP level 4. HP: 29/29 MP: 4/4
  1226 | D:3      | Noticed a water moccasin
  1241 | D:3      | Killed a water moccasin
  1242 | D:3      | Reached XP level 5. HP: 14/33 MP: 5/5
  1975 | D:3      | Reached XP level 6. HP: 33/38 MP: 6/6
  2669 | D:4      | Noticed Eustachio
  2689 | D:4      | Slain by Eustachio

Illustrated notes

Levels and vault maps discovered:
D:1:      zaba_arrival_water, layout_rooms, kennysheep_minor_cross
D:2:      layout_rooms
D:3:      minmay_evil_eye, layout_basic
D:4:      layout_basic, minivault_26, serial_bayou_pond_d, st_stairs_4,
          serial_park_tiny_1, uniq_blork_the_orc, uniq_eustachio, uniq_pikel,
          uniq_sigmund

Skill      XL: |  1  2  3  4  5 |
---------------+----------------+-----
Armour         | 3 4 |  4.3
Dodging        | 2 |  2.4
Fighting       | 4 |  4.2
Maces & Flails | 4 |  4.5

Action                     |  1- 3 |  4- 6 || total
---------------------------+-------+-------++-------
  Melee: Mace              |   107 |   118 ||   225
         Punch             |     2 |       ||     2
  Throw: Boomerang         |       |     1 ||     1
 Invoke: Berserk           |       |     1 ||     1
 Armour: Leather armour    |    53 |    90 ||   143
         Animal skin       |     1 |       ||     1
  Dodge: Dodged            |    55 |   105 ||   160
  Block: Buckler           |       |    17 ||    17
